 Dungeon Crawl Stone Soup version 0.17.1-1-g73c8601 (webtiles) character file.

4012 Goblin1989 the Cruncher (level 10, -2/54 HPs)
             Began as a Gargoyle Gladiator on Jan 2, 2016.
             Was an Initiate of Makhleb.
             Slain by a komodo dragon (24 damage)
             ... on level 1 of the Lair of Beasts.
             The game lasted 00:37:30 (7809 turns).

Goblin1989 the Cruncher (Gargoyle Gladiator)        Turns: 7809, Time: 00:37:31

Health: -2/54      AC: 11    Str: 19    XL:     10   Next: 23%
Magic:  10/10      EV: 14    Int: 10    God:    Makhleb [......]
Gold:   520        SH:  0    Dex: 10    Spells: 0 memorised, 9 levels left

rFire  . . .     SeeInvis +     C - +1 quarterstaff (speed)
rCold  . . .     Clarity  .     e - +0 leather armour
rNeg   + + .     SustAt   .     (shield currently unavailable)
rPois  ∞         Gourm    .     c - +0 helmet
rElec  +         Spirit   .     (no cloak)
rCorr  +         Warding  .     (no gloves)
rMut   .         Stasis   .     (no boots)
MR     +....                    P - amulet of resist corrosion (curse)
Stlth  +++.......               B - ring of positive energy
                                i - ring of see invisible

@: somewhat resistant to hostile enchantments, fairly stealthy
A: big wings, dopey 1, magic resistance 1, negative energy resistance 1,
screaming 1, electricity resistance, unbreathing, petrification resistance, no
device heal 1, rot immunity, MP-powered wands, AC +7
a: Fly, Renounce Religion


You were on level 1 of the Lair of Beasts.
You worshipped Makhleb.
Makhleb was noncommittal.
You were not hungry.

You visited 3 branches of the dungeon, and saw 11 of its levels.
You also visited: Ossuary.

You collected 520 gold pieces.

Inventory:

Hand Weapons
 C - a +1 quarterstaff of speed (weapon)
 H - a +0 antimagic quarterstaff
Missiles
 d - a throwing net (quivered)
Armour
 c - a +0 helmet (worn)
 e - a +0 leather armour (worn)
Jewellery
 i - a ring of see invisible (left hand)
 j - an uncursed amulet of regeneration
 k - an uncursed amulet of resist mutation
 B - a ring of positive energy (right hand)
 P - a cursed amulet of resist corrosion (around neck)
Wands
 E - a wand of fireball (10)
 S - a wand of fireball (5)
Scrolls
 f - 4 scrolls of remove curse
 l - 4 scrolls of recharging {unknown}
 m - 3 scrolls of teleportation {unknown}
 n - 2 scrolls of noise {unknown}
 o - 2 scrolls of enchant armour {unknown}
 s - a scroll of fog {unknown}
 t - 2 scrolls of fear {unknown}
 v - a scroll of amnesia {unknown}
 y - 5 scrolls of blinking {unknown}
 F - 2 scrolls of identify
 G - a scroll of brand weapon {unknown}
 J - a scroll of acquirement {unknown}
 K - a scroll of immolation
 L - a scroll of torment {unknown}
 M - a scroll of holy word {unknown}
 Q - 2 scrolls of random uselessness {unknown}
 T - a scroll of vulnerability {unknown}
 V - 2 scrolls of enchant weapon {unknown}
Potions
 a - 2 potions of mutation {unknown}
 h - 2 potions of invisibility
 p - 2 potions of cancellation
 q - 2 potions of heal wounds
 w - 2 potions of curing
 x - a potion of ambrosia
 z - a potion of might
 A - 3 potions of haste {unknown}
 D - 2 potions of brilliance {unknown}
 N - a potion of agility {unknown}
 O - a potion of cure mutation {unknown}
 R - a potion of berserk rage {unknown}
Comestibles
 b - 8 bread rations
 g - 2 fruits
 r - 4 beef jerkies
 u - a royal jelly
 I - 2 meat rations
 U - 7 slices of pizza


   Skills:
 + Level 2.5 Fighting
 * Level 11.4 Staves
 - Level 1.7 Throwing
 + Level 6.8 Dodging
 - Level 5.7 Stealth
 + Level 0.9 Invocations


You had 9 spell levels left.
You didn't know any spells.

Dungeon Overview and Level Annotations

Branches:
Dungeon (9/15)             Temple (1/1) D:6            Lair (1/8) D:8
    Orc: D:9-12

Altars:
Ashenzari
Cheibriados
Dithmenos
Elyvilon
Fedhas
Kikubaaqudgha
Makhleb
Okawaru
Qazlal
Ru
Sif Muna
Trog
Vehumet
Xom
Yredelemnul
Zin
The Shining One
Lugonu

Annotations:
D:6 Goblin1989's ghost, novice VSAs


Innate Abilities, Weirdness & Mutations

You are resistant to torment.
Your stone body is resilient (AC +7).
You are immune to poison.
You resist negative energy.
You are resistant to electric shocks.
You can survive without breathing.
You are immune to petrification.
You are immune to rotting.
Your large and strong wings let you fly indefinitely.
You are dopey. (Int -2)
You are resistant to hostile enchantments.
You occasionally shout uncontrollably at your foes.
Potions and wands are less effective at restoring your health.
You expend magic power (3 MP) to strengthen your wands.


Message History

You barely miss the komodo dragon.
The komodo dragon is lightly wounded.
You hit the komodo dragon.
The komodo dragon is moderately wounded.
The komodo dragon bites you!!
Ouch! That really hurt!
You hit the komodo dragon.
The komodo dragon is moderately wounded.
You hit the komodo dragon.
The komodo dragon is moderately wounded.
The komodo dragon closely misses you.
You hit the komodo dragon but do no damage.
The komodo dragon is moderately wounded.
Throwing (i - inventory):
d - 2 throwing nets (quivered)
Press: ? - help, Shift-Dir - straight line, f - komodo dragon
Aim: a komodo dragon (moderately wounded)
You throw a throwing net.
The throwing net closely misses the komodo dragon.
The komodo dragon bites you!!
You die...

#.......#...# ##..#.....
#...........###...#.... .
#.........<.#.....#... ..
#....................#...
#......†.##†........(....
.........#.#...#.........
##.....†.#.#.####....# .
#...#......#.#.##l##....
##..#...........@........
#...................#...#
.#..#.................###
....................#P#
.........#....###..###
..#.....P...P.. ...P
.###..#.#............
###...#######.....


You could see a komodo dragon.

Vanquished Creatures
  The ghost of Bubs the Ducker, an amateur MfGl (D:4)
  A hog (D:8)
  A shadow (D:7)
  A hungry ghost (D:8)
  A human (D:8)
  Eustachio (D:5)
  An orc warrior (D:7)
  2 water moccasins (Lair:1)
  2 sky beasts
  3 phantoms
  A wasp (D:7)
  3 ogres
  2 centaurs (D:6)
  6 giant frogs
  3 scorpions
  4 killer bees (D:8)
  3 crimson imps
  A quasit (D:9)
  5 giant frog skeletons
  A jelly (D:6)
  3 orc wizards
  3 orc priests
  6 worker ants
  2 hounds
  Natasha (D:1)
  3 sheep (D:8)
  3 hound skeletons
  A mummy (Ossuary)
  9 adders
  3 gnolls (D:7)
  A shadow imp (D:8)
  3 oozes
  3 worms
  4 giant geckos
  16 orcs
  2 ball pythons
  8 giant cockroaches
  9 hobgoblins
  7 jackals (D:3)
  6 kobolds
  3 quokkas
  4 bats (D:3)
  4 giant newts
  7 gnoll skeletons (Ossuary)
  9 goblins
  A goblin zombie (D:9)
  2 hobgoblin zombies (D:9)
  3 kobold skeletons
  A kobold zombie (D:9)
  18 orc skeletons
  13 rats
  A fungus (D:8)
202 creatures vanquished.

Notes
Turn   | Place    | Note
--------------------------------------------------------------
     0 | D:1      | Goblin1989 the Gargoyle Gladiator began the quest for the Orb.
     0 | D:1      | Reached XP level 1. HP: 12/12 MP: 1/1
   340 | D:1      | Reached XP level 2. HP: 17/17 MP: 2/2
   467 | D:1      | Reached skill level 4 in Staves
   699 | D:2      | Reached XP level 3. HP: 21/21 MP: 3/3
   918 | D:2      | Noticed Natasha
   946 | D:1      | HP: 1/21 [Natasha (6)]
   947 | D:1      | Killed Natasha
   947 | D:1      | Reached skill level 1 in Stealth
   947 | D:1      | Reached XP level 4. HP: 1/26 MP: 4/4
  1293 | D:3      | Found a basalt altar of Yredelemnul.
  1621 | D:3      | Reached skill level 5 in Staves
  1627 | D:3      | Reached XP level 5. HP: 24/30 MP: 5/5
  1765 | D:3      | Found a blossoming altar of Fedhas.
  1844 | D:4      | Noticed Bubs's ghost (amateur MfGl)
  1866 | D:4      | Found a sand-covered staircase.
  1872 | Ossuary  | Entered an ossuary
  1872 | Ossuary  | Noticed a wraith
  1872 | Ossuary  | Noticed a wraith
  1872 | Ossuary  | Noticed a wraith
  2076 | Ossuary  | Noticed a wraith
  2196 | D:5      | Entered Level 5 of the Dungeon
  2220 | D:5      | Reached XP level 6. HP: 28/35 MP: 6/6
  2247 | D:5      | Found a bloodstained altar of Trog.
  2545 | D:5      | Reached skill level 6 in Staves
  2552 | D:5      | Noticed Eustachio
  2582 | D:5      | Killed Eustachio
  2582 | D:5      | Reached XP level 7. HP: 28/40 MP: 7/7
  2796 | D:5      | Noticed an ogre
  2826 | D:5      | Killed an ogre
  3030 | D:6      | Found an ancient bone altar of Kikubaaqudgha.
  3096 | D:6      | Noticed Goblin1989's ghost (novice VSAs)
  3137 | D:6      | Reached skill level 7 in Staves
  3209 | D:6      | Found a staircase to the Ecumenical Temple.
  3216 | Temple   | Entered the Ecumenical Temple
  3328 | D:6      | Reached XP level 8. HP: 41/44 MP: 8/8
  3858 | D:6      | Reached skill level 5 in Stealth
  4038 | D:7      | Reached skill level 8 in Staves
  4070 | D:7      | Found a stormy altar of Qazlal.
  4073 | D:7      | Found a deep blue altar of Sif Muna.
  4076 | D:7      | Found a radiant altar of Vehumet.
  4079 | D:7      | Found a shadowy altar of Dithmenos.
  4550 | D:4      | Noticed a phantom
  4574 | D:4      | Killed a phantom
  4611 | D:4      | Noticed a phantom
  4638 | D:4      | Killed a phantom
  4638 | D:4      | Reached skill level 5 in Dodging
  4817 | D:4      | Noticed an ogre
  4825 | D:4      | Killed an ogre
  4825 | D:4      | Reached skill level 9 in Staves
  4825 | D:4      | Reached XP level 9. HP: 34/48 MP: 9/9
  5100 | D:4      | Killed Bubs's ghost
  5987 | D:8      | Found a staircase to the Lair.
  6099 | D:8      | Reached skill level 10 in Staves
  6103 | D:8      | Gained mutation: You expend magic power (3 MP) to strengthen your wands. [mutagenic meat]
  6104 | D:8      | Gained mutation: You are dopey. (Int -2) [mutagenic meat]
  6105 | D:8      | Gained mutation: You are resistant to hostile enchantments. [mutagenic meat]
  7225 | D:9      | Found a glowing golden altar of the Shining One.
  7243 | D:9      | Reached XP level 10. HP: 48/53 MP: 10/10
  7258 | D:9      | Reached skill level 11 in Staves
  7267 | D:9      | Gained mutation: You occasionally shout uncontrollably at your foes. [mutagenic meat]
  7268 | D:9      | Gained mutation: Potions and wands are less effective at restoring your health. [mutagenic meat]
  7269 | D:9      | Gained mutation: Your large and strong wings let you fly indefinitely. [mutagenic meat]
  7310 | D:9      | Found a shattered altar of Ashenzari.
  7451 | D:9      | Found a burning altar of Makhleb.
  7469 | D:9      | Became a worshipper of Makhleb the Destroyer
  7585 | Lair:1   | Entered Level 1 of the Lair of Beasts
  7809 | Lair:1   | Slain by a komodo dragon

Action                   |  1- 3 |  4- 6 |  7- 9 | 10-12 || total
-------------------------+-------+-------+-------+-------++-------
Melee: Quarterstaff      |    94 |   292 |   435 |   148 ||   969
Throw: Throwing net      |       |       |     2 |     1 ||     3
Evoke: Wand              |       |       |     1 |       ||     1
  Use: Scroll            |       |     9 |       |       ||     9
       Potion            |       |     2 |     1 |       ||     3
 Stab: Sleeping          |       |     2 |    16 |       ||    18
       Held in net/web   |       |       |     1 |       ||     1
       Distracted        |       |       |     1 |     1 ||     2
  Eat: Chunk             |       |     3 |    10 |     7 ||    20
       Meat ration       |       |     1 |     1 |       ||     2
       Bread ration      |       |       |     1 |       ||     1
